Rhode Island Whales vs Toronto St Pats
Created - Wednesday, November 13, 2024 at 07:52
Goals
|
| Rhode Island Whales |
0 |
1 |
3 |
4 |
| Toronto St Pats |
1 |
0 |
0 |
1 |
|
Shots
|
| Rhode Island Whales |
4 |
10 |
12 |
26 |
| Toronto St Pats |
20 |
6 |
15 |
41 |
|
1st period
1. Toronto St Pats , Travis Boyd 33 (Connor Dewar 62) at 2:16 (PP)
Penalties :
Kaapo Kakko (RIW) for Slashing (Minor) at 2:15, Austin Watson (TSP) for Hooking (Minor) at 10:54
2nd period
2. Rhode Island Whales , Matthew Coronato 6 (Oliver Wahlstrom 7, Kevin Korchinski 101) at 1:51
Penalties :
Lassi Thomson (TSP) for Slashing (Minor) at 5:35, Cole Smith (RIW) for Holding (Minor) at 15:20, Jack Studnicka (RIW) for Tripping (Minor) at 17:43
3rd period
3. Rhode Island Whales , Lukas Reichel 2 (Braden Schneider 52, Justin Barron 102) at 0:28
4. Rhode Island Whales , Kaapo Kakko 1 (Justin Barron 103) at 2:06
5. Rhode Island Whales , Lukas Reichel 3 (Kaapo Kakko 1) at 2:24 (PP)
Penalties :
Austin Watson (TSP) for Roughing (Minor) at 2:09, Ryan O'Rourke (RIW) for Delaying the game (Minor) at 14:48, Cole Smith (RIW) for Interference (Minor) at 16:05
Goalie Stats
Anson Thornton (RIW), 40 saves from 41 shots - (0.976), W, 1-0-0, 60:00 minutes
Jakub Skarek (TSP), 22 saves from 26 shots - (0.846), L, 16-13-1, 60:00 minutes
Players Stats for Rhode Island Whales
Player Name G A P +/- PIM S H SB GA TA FO MP PP MP PK MP
------------------------------------------------------------------------------------
Braden Schneider 0 1 1 2 0 0 0 1 0 4 0/0 26:13 2:12 3:43
Cole Smith 0 0 0 2 4 3 1 0 0 0 0/0 16:33 1:05 1:34
Cross Hanas 0 0 0 0 0 0 2 0 0 0 0/0 4:40 0:48 0:59
Graeme Clarke 0 0 0 0 0 0 0 1 0 0 5/9 14:10 0:50 0:00
Isak Rosen 0 0 0 0 0 1 0 0 0 0 1/1 13:55 0:23 0:00
Jack Studnicka 0 0 0 0 2 0 2 1 1 2 0/2 16:05 0:48 1:51
Jiri Kulich 0 0 0 1 0 1 4 1 1 0 2/2 16:14 2:13 0:00
Justin Barron 0 2 2 2 0 0 2 3 1 2 0/0 26:13 2:12 3:43
Kaapo Kakko 1 1 2 2 2 2 1 0 2 1 0/3 22:33 1:05 3:28
Kevin Korchinski 0 1 1 1 0 2 0 1 0 0 0/0 20:08 1:31 3:32
Lukas Reichel 2 0 2 2 0 7 2 0 1 0 9/21 17:51 1:05 2:57
Matthew Coronato 1 0 1 1 0 3 6 0 0 0 2/13 19:17 2:13 2:57
Nils Lundkvist 0 0 0 0 0 0 0 0 0 1 0/0 13:39 0:30 0:00
Oliver Wahlstrom 0 1 1 1 0 3 3 0 0 0 1/1 16:12 2:09 0:00
Oskar Olausson 0 0 0 0 0 1 0 0 0 0 0/3 7:14 0:00 0:00
Ryan O'Rourke 0 0 0 0 2 0 1 1 0 3 0/0 13:39 0:30 0:01
Ryder Rolston 0 0 0 0 0 2 0 0 0 1 0/0 7:14 0:00 0:00
Urho Vaakanainen 0 0 0 1 0 1 3 2 0 0 0/0 20:08 1:31 3:32
Players Stats for Toronto St Pats
Player Name G A P +/- PIM S H SB GA TA FO MP PP MP PK MP
------------------------------------------------------------------------------------
Austin Watson 0 0 0 0 4 3 7 1 4 0 0/1 17:35 3:33 0:39
Bogdan Trineyev 0 0 0 -1 0 2 0 0 0 0 1/1 8:46 0:00 0:00
Brendan Brisson 0 0 0 0 0 3 4 0 1 0 7/15 18:24 3:33 1:49
Brendan Gaunce 0 0 0 -1 0 1 1 4 2 0 7/8 13:54 0:11 0:47
Brett Berard 0 0 0 -1 0 5 1 0 1 0 0/0 12:52 0:00 0:00
Connor Dewar 0 1 1 -1 0 2 3 1 2 0 12/15 18:49 3:31 1:26
John Farinacci 0 0 0 -1 0 2 1 0 0 0 5/8 9:37 0:00 0:55
Lassi Thomson 0 0 0 -1 2 2 0 1 0 0 0/0 13:02 0:00 0:00
Lucas Carlsson 0 0 0 -1 0 0 1 0 0 1 0/0 18:17 4:10 0:00
Mackie Samoskevich 0 0 0 0 0 1 0 0 1 0 0/0 15:52 3:44 0:00
Matthew Maggio 0 0 0 -1 0 0 0 0 0 0 0/0 8:46 0:00 0:00
Nick Cousins 0 0 0 -1 0 2 2 0 0 0 2/4 18:55 3:31 1:32
Nikita Okhotiuk 0 0 0 -2 0 2 0 3 0 3 0/0 19:45 0:00 2:12
Pierre-Olivier Joseph 0 0 0 -2 0 0 0 0 1 1 0/0 24:59 4:10 2:12
Ryan Tverberg 0 0 0 -1 0 4 2 0 0 1 1/2 13:42 0:11 0:27
Sam Malinski 0 0 0 0 0 5 0 0 1 0 0/0 21:58 3:05 2:01
Scott Perunovich 0 0 0 0 0 3 2 1 0 0 0/0 21:58 3:05 2:01
Travis Boyd 1 0 1 -1 0 4 1 2 1 0 0/1 18:33 3:31 0:51
3 Stars
1 - Anson Thornton (RIW)
2 - Lukas Reichel (RIW)
3 - Matthew Coronato (RIW)
Power Play
Rhode Island Whales - 1 on 3 Attempt(s) - 33.33%
Toronto St Pats - 1 on 5 Attempt(s) - 20.00%
Penalty Kill
Rhode Island Whales - 4 on 5 Attempt(s) - 80.00%
- Score 0 goal in Penalty Kill
Toronto St Pats - 2 on 3 Attempt(s) - 66.67%
- Score 0 goal in Penalty Kill
Team Stat
Rhode Island Whales - Hits : 27 - Faceoff Wins : 20 - Blocked Shots : 11 - Penalty Minutes : 10
Toronto St Pats - Hits : 25 - Faceoff Wins : 35 - Blocked Shots : 13 - Penalty Minutes : 6
Official
Referees : Brandon Blandina and Cody Beach
Linesman : Tyson Baker and Ryan Daisy
Game Notes
No Game Note
Rhode Island Whales
5 vs 5 Forward
Center Left Wing Right Wing Time % Phy DF OF
1 Lukas Reichel Cole Smith Kaapo Kakko 30 1 2 2
2 Matthew Coronato Jiri Kulich Oliver Wahlstrom 30 1 2 2
3 Graeme Clarke Isak Rosen Jack Studnicka 25 1 2 2
4 Oskar Olausson Ryder Rolston Kaapo Kakko 15 1 2 2
5 vs 5 Defense
Defense Defense Time % Phy DF OF
1 Braden Schneider Justin Barron 30 1 2 2
2 Urho Vaakanainen Kevin Korchinski 30 1 2 2
3 Nils Lundkvist Ryan O'Rourke 25 1 2 2
4 Braden Schneider Justin Barron 15 1 2 2
PowerPlay Forward
Center Left Wing Right Wing Time % Phy DF OF
1 Lukas Reichel Cole Smith Kaapo Kakko 50 1 2 2
2 Matthew Coronato Jiri Kulich Oliver Wahlstrom 50 1 2 2
PowerPlay Defense
Defense Defense Time % Phy DF OF
1 Braden Schneider Justin Barron 50 1 2 2
2 Urho Vaakanainen Kevin Korchinski 50 1 2 2
Penalty Kill 4 Players Forward
Center Wing Time % Phy DF OF
1 Kaapo Kakko Cole Smith 50 1 2 2
2 Lukas Reichel Matthew Coronato 50 1 2 2
Penalty Kill 4 Players Defense
Defense Defense Time % Phy DF OF
1 Braden Schneider Justin Barron 50 1 2 2
2 Urho Vaakanainen Kevin Korchinski 50 1 2 2
Penalty Kill - 3 Players Forward
Forward Time % Phy DF OF
1 Kaapo Kakko 50 1 2 2
2 Cole Smith 50 1 2 2
Penalty Kill - 3 Players Defense
Defense Defense Time % Phy DF OF
1 Braden Schneider Justin Barron 50 1 2 2
2 Urho Vaakanainen Kevin Korchinski 50 1 2 2
4 vs 4 Forward
Center Wing Time % Phy DF OF
1 Kaapo Kakko Cole Smith 50 1 2 2
2 Lukas Reichel Matthew Coronato 50 1 2 2
4 vs 4 Defense
Defense Defense Time % Phy DF OF
1 Braden Schneider Justin Barron 50 1 2 2
2 Urho Vaakanainen Kevin Korchinski 50 1 2 2
Last Minutes Offensive
Center Left Wing Right Wing Defense Defense
Lukas Reichel Cole Smith Kaapo Kakko Braden Schneider Justin Barron
Last Minutes Defensive
Center Left Wing Right Wing Defense Defense
Lukas Reichel Cole Smith Kaapo Kakko Braden Schneider Justin Barron
Goaltenders
Starting : Anson Thornton
Backup : Mitchell Weeks
Extra Forwards
Normal : Cross Hanas, Graeme Clarke, Jack Studnicka - PP : Cross Hanas, Graeme Clarke - PK : Jack Studnicka
Extra Defensemen
Normal : Nils Lundkvist, Ryan O'Rourke, Urho Vaakanainen - PP : Nils Lundkvist - PK : Ryan O'Rourke, Urho Vaakanainen
Penalty Shots
Kaapo Kakko, Cole Smith, Lukas Reichel, Matthew Coronato, Oliver Wahlstrom
Scratches
Danny Zhilkin (Healthy), Emil Andrae (Healthy), Danila Klimovich (Healthy), Dylan Garand (Healthy)
Toronto St Pats
5 vs 5 Forward
Center Left Wing Right Wing Time % Phy DF OF
1 Connor Dewar Nick Cousins Travis Boyd 30 1 2 2
2 Brendan Brisson Austin Watson Mackie Samoskevich 30 1 2 2
3 Brendan Gaunce Brett Berard Ryan Tverberg 25 1 2 2
4 John Farinacci Bogdan Trineyev Matthew Maggio 15 1 2 2
5 vs 5 Defense
Defense Defense Time % Phy DF OF
1 Nikita Okhotiuk Pierre-Olivier Joseph 30 1 2 2
2 Sam Malinski Scott Perunovich 30 1 2 2
3 Lucas Carlsson Lassi Thomson 25 1 2 2
4 Nikita Okhotiuk Pierre-Olivier Joseph 15 1 2 2
PowerPlay Forward
Center Left Wing Right Wing Time % Phy DF OF
1 Connor Dewar Nick Cousins Travis Boyd 50 1 2 2
2 Brendan Brisson Austin Watson Mackie Samoskevich 50 1 2 2
PowerPlay Defense
Defense Defense Time % Phy DF OF
1 Sam Malinski Scott Perunovich 50 1 2 2
2 Lucas Carlsson Pierre-Olivier Joseph 50 1 2 2
Penalty Kill 4 Players Forward
Center Wing Time % Phy DF OF
1 Connor Dewar Nick Cousins 50 1 2 2
2 Travis Boyd Brendan Brisson 50 1 2 2
Penalty Kill 4 Players Defense
Defense Defense Time % Phy DF OF
1 Nikita Okhotiuk Pierre-Olivier Joseph 50 1 2 2
2 Sam Malinski Scott Perunovich 50 1 2 2
Penalty Kill - 3 Players Forward
Forward Time % Phy DF OF
1 Connor Dewar 50 1 2 2
2 Nick Cousins 50 1 2 2
Penalty Kill - 3 Players Defense
Defense Defense Time % Phy DF OF
1 Nikita Okhotiuk Pierre-Olivier Joseph 50 1 2 2
2 Sam Malinski Scott Perunovich 50 1 2 2
4 vs 4 Forward
Center Wing Time % Phy DF OF
1 Connor Dewar Nick Cousins 50 1 2 2
2 Travis Boyd Brendan Brisson 50 1 2 2
4 vs 4 Defense
Defense Defense Time % Phy DF OF
1 Nikita Okhotiuk Pierre-Olivier Joseph 50 1 2 2
2 Sam Malinski Scott Perunovich 50 1 2 2
Last Minutes Offensive
Center Left Wing Right Wing Defense Defense
Connor Dewar Nick Cousins Travis Boyd Nikita Okhotiuk Pierre-Olivier Joseph
Last Minutes Defensive
Center Left Wing Right Wing Defense Defense
Connor Dewar Nick Cousins Travis Boyd Nikita Okhotiuk Pierre-Olivier Joseph
Goaltenders
Starting : Jakub Skarek
Backup : Brett Brochu
Extra Forwards
Normal : Brendan Gaunce, Ryan Tverberg, John Farinacci - PP : Brendan Gaunce, Ryan Tverberg - PK : John Farinacci
Extra Defensemen
Normal : Lucas Carlsson, Lassi Thomson, Sam Malinski - PP : Lucas Carlsson - PK : Lassi Thomson, Sam Malinski
Penalty Shots
Connor Dewar, Nick Cousins, Travis Boyd, Brendan Brisson, Austin Watson
Scratches
Cole McWard (Healthy), Nico Myatovic (Healthy), Eetu Liukas (Healthy), Ville Koivunen (Healthy), Jake Leschyshyn (Healthy)
Will Cranley (Healthy)
% Time on Ice - Rhode Island Whales
Lines # - Real PCT - Wanted PCT - Time Play
Normal Forward
1 - 28% - 30% - 13:38
2 - 30% - 30% - 14:23
3 - 27% - 25% - 13:17
4 - 15% - 15% - 7:14
Normal Defense
1 - 30% - 30% - 14:27
2 - 31% - 30% - 15:05
3 - 27% - 25% - 13:09
4 - 12% - 15% - 5:51
PP Forward
1 - 26% - 50% - 1:05
2 - 74% - 50% - 3:08
PP Defense
1 - 52% - 50% - 2:12
2 - 48% - 50% - 2:01
PK Forward
1 - 55% - 50% - 3:35
2 - 45% - 50% - 2:58
PK Defense
1 - 48% - 50% - 3:07
2 - 52% - 50% - 3:26
PK3 Forward
1 - 31% - 50% - 0:13
2 - 69% - 50% - 0:29
PK3 Defense
1 - 86% - 50% - 0:36
2 - 14% - 50% - 0:06
44 Forward
1 - 0% - 50%
2 - 0% - 50%
44 Defense
1 - 0% - 50%
2 - 0% - 50%
Last Minute Offensive - 0:00
Last Minute Defensive - 0:00
Total
Forward - 60:00
Defense - 60:00
|
% Time on Ice - Toronto St Pats
Lines # - Real PCT - Wanted PCT - Time Play
Normal Forward
1 - 29% - 30% - 13:52
2 - 27% - 30% - 13:02
3 - 27% - 25% - 12:52
4 - 18% - 15% - 8:46
Normal Defense
1 - 27% - 30% - 13:00
2 - 38% - 30% - 18:22
3 - 26% - 25% - 12:37
4 - 9% - 15% - 4:33
PP Forward
1 - 49% - 50% - 3:31
2 - 51% - 50% - 3:44
PP Defense
1 - 43% - 50% - 3:05
2 - 57% - 50% - 4:10
PK Forward
1 - 47% - 50% - 2:00
2 - 53% - 50% - 2:13
PK Defense
1 - 52% - 50% - 2:12
2 - 48% - 50% - 2:01
PK3 Forward
1 - 0% - 50%
2 - 0% - 50%
PK3 Defense
1 - 0% - 50%
2 - 0% - 50%
44 Forward
1 - 0% - 50%
2 - 0% - 50%
44 Defense
1 - 0% - 50%
2 - 0% - 50%
Last Minute Offensive - 0:00
Last Minute Defensive - 0:00
Total
Forward - 60:00
Defense - 60:00
|
Play-by-Play
1st period
0:01 of 1st period - Connor Dewar wins face-off versus Lukas Reichel in neutral zone.
0:26 of 1st period - Brendan Brisson is hit by Oliver Wahlstrom and loses puck.
0:55 of 1st period - Snap shot by Brett Berard.
0:55 of 1st period - Stopped by Anson Thornton without a rebound.
0:56 of 1st period - John Farinacci wins face-off versus Oskar Olausson in Rhode Island Whales zone.
0:59 of 1st period - Slapshot by John Farinacci.
0:59 of 1st period - Stopped by Anson Thornton with a rebound.
1:32 of 1st period - Brendan Brisson is hit by Jiri Kulich.
1:43 of 1st period - Off-side.
1:44 of 1st period - Connor Dewar wins face-off versus Lukas Reichel in neutral zone.
1:48 of 1st period - Off-side.
1:49 of 1st period - Ryan Tverberg wins face-off versus Lukas Reichel in neutral zone.
1:52 of 1st period - Wrist shot by Ryan Tverberg.
1:52 of 1st period - Stopped by Anson Thornton without a rebound.
1:53 of 1st period - Brendan Gaunce wins face-off versus Graeme Clarke in Rhode Island Whales zone.
1:56 of 1st period - Snap shot by Ryan Tverberg.
1:56 of 1st period - Shot Misses the Net.
1:58 of 1st period - Wrist shot by Brett Berard.
1:58 of 1st period - Shot Blocked by Jack Studnicka.
2:00 of 1st period - Snap shot by Sam Malinski.
2:00 of 1st period - Stopped by Anson Thornton with a rebound.
2:04 of 1st period - Snap shot by Ryan Tverberg.
2:04 of 1st period - Shot Misses the Net.
2:06 of 1st period - Wrist shot by Ryan Tverberg.
2:06 of 1st period - Stopped by Anson Thornton with a rebound.
2:08 of 1st period - Slapshot by Sam Malinski.
2:08 of 1st period - Deflect By Ryan Tverberg.
2:08 of 1st period - Deflect By Jack Studnicka.
2:08 of 1st period - Shot Misses the Net.
2:08 of 1st period - Puck is out of play.
2:09 of 1st period - Nick Cousins wins face-off versus Lukas Reichel in Rhode Island Whales zone.
2:15 of 1st period - Minor Penalty to Kaapo Kakko for Slashing.
2:16 of 1st period - Connor Dewar wins face-off versus Jack Studnicka in Rhode Island Whales zone.
2:16 of 1st period - Snap shot by Travis Boyd.
2:16 of 1st period - Goal by Travis Boyd - Rhode Island Whales : 0 - Toronto St Pats : 1.
2:17 of 1st period - Connor Dewar wins face-off versus Matthew Coronato in neutral zone.
2:42 of 1st period - Nikita Okhotiuk is hit by Cole Smith and loses puck.
3:27 of 1st period - Off-side.
3:28 of 1st period - Graeme Clarke wins face-off versus Brendan Gaunce in neutral zone.
3:45 of 1st period - Wrist shot by Ryan Tverberg.
3:45 of 1st period - Shot Blocked by Graeme Clarke.
3:47 of 1st period - Slapshot by Pierre-Olivier Joseph.
3:47 of 1st period - Shot Misses the Net.
4:03 of 1st period - Snap shot by Brett Berard.
4:03 of 1st period - Stopped by Anson Thornton with a rebound.
4:27 of 1st period - Slapshot by Brett Berard.
4:27 of 1st period - Stopped by Anson Thornton with a rebound.
4:29 of 1st period - Snap shot by Brendan Gaunce.
4:29 of 1st period - Stopped by Anson Thornton without a rebound.
4:30 of 1st period - Connor Dewar wins face-off versus Matthew Coronato in Rhode Island Whales zone.
4:55 of 1st period - Oskar Olausson is hit by Austin Watson and loses puck.
5:18 of 1st period - Slapshot by Lukas Reichel.
5:18 of 1st period - Stopped by Jakub Skarek without a rebound.
5:19 of 1st period - Lukas Reichel wins face-off versus John Farinacci in Toronto St Pats zone.
6:21 of 1st period - Slapshot by Oskar Olausson.
6:21 of 1st period - Shot Misses the Net.
6:35 of 1st period - Braden Schneider is hit by John Farinacci and loses puck.
6:48 of 1st period - Snap shot by Matthew Maggio.
6:48 of 1st period - Shot Blocked by Jiri Kulich.
7:08 of 1st period - Connor Dewar is hit by Jack Studnicka and loses puck.
8:07 of 1st period - Icing by Brendan Gaunce.
8:08 of 1st period - John Farinacci wins face-off versus Graeme Clarke in Toronto St Pats zone.
8:13 of 1st period - Wrist shot by John Farinacci.
8:13 of 1st period - Stopped by Anson Thornton with a rebound.
8:57 of 1st period - Braden Schneider is hit by Brett Berard and loses puck.
10:00 of 1st period - Wrist shot by Travis Boyd.
10:00 of 1st period - Stopped by Anson Thornton with a rebound.
10:18 of 1st period - Brendan Gaunce is hit by Lukas Reichel and loses puck.
10:35 of 1st period - Urho Vaakanainen is hit by Austin Watson and loses puck.
10:54 of 1st period - Minor Penalty to Austin Watson for Hooking.
10:55 of 1st period - Jiri Kulich wins face-off versus Nick Cousins in Toronto St Pats zone.
11:06 of 1st period - Snap shot by Oliver Wahlstrom.
11:06 of 1st period - Shot Misses the Net.
11:11 of 1st period - Off-side.
11:12 of 1st period - Lukas Reichel wins face-off versus Travis Boyd in neutral zone.
11:15 of 1st period - Pierre-Olivier Joseph is hit by Lukas Reichel and loses puck.
11:51 of 1st period - Matthew Coronato is hit by Scott Perunovich.
12:54 of 1st period - Penalty to Austin Watson is over, Austin Watson is back on ice.
13:04 of 1st period - Wrist shot by Travis Boyd.
13:04 of 1st period - Shot Misses the Net.
13:06 of 1st period - Snap shot by Sam Malinski.
13:06 of 1st period - Stopped by Anson Thornton with a rebound.
13:08 of 1st period - Backhand shot by Sam Malinski.
13:08 of 1st period - Deflect By Urho Vaakanainen.
13:08 of 1st period - Stopped by Anson Thornton with a rebound.
13:45 of 1st period - Wrist shot by Travis Boyd.
13:45 of 1st period - Shot Misses the Net.
13:47 of 1st period - Snap shot by Brendan Brisson.
13:47 of 1st period - Stopped by Anson Thornton without a rebound.
13:48 of 1st period - Graeme Clarke wins face-off versus Ryan Tverberg in Rhode Island Whales zone.
14:22 of 1st period - Snap shot by Matthew Coronato.
14:22 of 1st period - Stopped by Jakub Skarek with a rebound.
14:24 of 1st period - Slapshot by Matthew Coronato.
14:24 of 1st period - Shot Blocked by Nikita Okhotiuk.
15:10 of 1st period - Slapshot by Connor Dewar.
15:10 of 1st period - Stopped by Anson Thornton with a rebound.
15:12 of 1st period - Slapshot by Connor Dewar.
15:12 of 1st period - Deflect By Nick Cousins.
15:12 of 1st period - Stopped by Anson Thornton without a rebound.
15:13 of 1st period - Connor Dewar wins face-off versus Lukas Reichel in Rhode Island Whales zone.
15:34 of 1st period - John Farinacci is hit by Ryan O'Rourke and loses puck.
15:45 of 1st period - Snap shot by Oliver Wahlstrom.
15:45 of 1st period - Stopped by Jakub Skarek with a rebound.
16:42 of 1st period - Slapshot by Oliver Wahlstrom.
16:42 of 1st period - Deflect By Jiri Kulich.
16:42 of 1st period - Shot Blocked by Scott Perunovich.
16:42 of 1st period - Puck is out of play.
16:43 of 1st period - Lukas Reichel wins face-off versus Austin Watson in Toronto St Pats zone.
16:46 of 1st period - Snap shot by Lukas Reichel.
16:46 of 1st period - Stopped by Jakub Skarek without a rebound.
16:47 of 1st period - Brendan Brisson wins face-off versus Lukas Reichel in Toronto St Pats zone.
17:35 of 1st period - Wrist shot by Travis Boyd.
17:35 of 1st period - Stopped by Anson Thornton without a rebound.
17:36 of 1st period - Connor Dewar wins face-off versus Matthew Coronato in Rhode Island Whales zone.
17:49 of 1st period - Snap shot by Matthew Coronato.
17:49 of 1st period - Shot Misses the Net.
17:55 of 1st period - Connor Dewar is hit by Oliver Wahlstrom and loses puck.
18:13 of 1st period - Wrist shot by Oliver Wahlstrom.
18:13 of 1st period - Deflect By Connor Dewar.
18:13 of 1st period - Shot Misses the Net.
18:13 of 1st period - Puck is out of play.
18:14 of 1st period - Brendan Gaunce wins face-off versus Lukas Reichel in Toronto St Pats zone.
18:21 of 1st period - Wrist shot by Brett Berard.
18:21 of 1st period - Stopped by Anson Thornton with a rebound.
18:23 of 1st period - Wrist shot by Brendan Gaunce.
18:23 of 1st period - Deflect By Brett Berard.
18:23 of 1st period - Shot Misses the Net.
18:23 of 1st period - Puck is out of play.
18:24 of 1st period - Brendan Gaunce wins face-off versus Kaapo Kakko in Rhode Island Whales zone.
18:25 of 1st period - Slapshot by Ryan Tverberg.
18:25 of 1st period - Stopped by Anson Thornton with a rebound.
18:27 of 1st period - Slapshot by Brendan Gaunce.
18:27 of 1st period - Shot Blocked by Justin Barron.
18:29 of 1st period - Slapshot by Brendan Gaunce.
18:29 of 1st period - Shot Misses the Net.
18:31 of 1st period - Wrist shot by Brett Berard.
18:31 of 1st period - Shot Misses the Net.
18:33 of 1st period - Slapshot by Scott Perunovich.
18:33 of 1st period - Shot Blocked by Braden Schneider.
19:13 of 1st period - Wrist shot by Ryan Tverberg.
19:13 of 1st period - Stopped by Anson Thornton with a rebound.
19:15 of 1st period - Snap shot by Brendan Gaunce.
19:15 of 1st period - Shot Blocked by Justin Barron.
19:33 of 1st period - Braden Schneider is hit by Ryan Tverberg and loses puck.
Goals for this period are 0 for Rhode Island Whales vs 1 for Toronto St Pats.
Shots for this period are 4 for Rhode Island Whales vs 20 for Toronto St Pats.
2nd period
0:01 of 2nd period - Connor Dewar wins face-off versus Matthew Coronato in neutral zone.
0:08 of 2nd period - Nikita Okhotiuk is hit by Jiri Kulich and loses puck.
0:15 of 2nd period - Snap shot by Matthew Coronato.
0:15 of 2nd period - Shot Misses the Net.
0:34 of 2nd period - Snap shot by Brendan Brisson.
0:34 of 2nd period - Stopped by Anson Thornton with a rebound.
0:36 of 2nd period - Snap shot by Brendan Brisson.
0:36 of 2nd period - Shot Misses the Net.
0:38 of 2nd period - Snap shot by Austin Watson.
0:38 of 2nd period - Stopped by Anson Thornton without a rebound.
0:39 of 2nd period - Bogdan Trineyev wins face-off versus Matthew Coronato in Rhode Island Whales zone.
0:48 of 2nd period - Snap shot by Matthew Coronato.
0:48 of 2nd period - Stopped by Jakub Skarek without a rebound.
0:49 of 2nd period - John Farinacci wins face-off versus Matthew Coronato in Toronto St Pats zone.
0:56 of 2nd period - John Farinacci is hit by Matthew Coronato and loses puck.
1:29 of 2nd period - Wrist shot by Matthew Coronato.
1:29 of 2nd period - Shot Misses the Net.
1:39 of 2nd period - Wrist shot by Matthew Coronato.
1:39 of 2nd period - Shot Blocked by Lassi Thomson.
1:41 of 2nd period - Snap shot by Jiri Kulich.
1:41 of 2nd period - Stopped by Jakub Skarek with a rebound.
1:43 of 2nd period - Slapshot by Jiri Kulich.
1:43 of 2nd period - Shot Misses the Net.
1:45 of 2nd period - Slapshot by Jiri Kulich.
1:45 of 2nd period - Shot Misses the Net.
1:49 of 2nd period - Snap shot by Oliver Wahlstrom.
1:49 of 2nd period - Shot Misses the Net.
1:51 of 2nd period - Wrist shot by Matthew Coronato.
1:51 of 2nd period - Goal by Matthew Coronato - Rhode Island Whales : 1 - Toronto St Pats : 1.
1:52 of 2nd period - Nick Cousins wins face-off versus Oskar Olausson in neutral zone.
1:55 of 2nd period - Snap shot by Travis Boyd.
1:55 of 2nd period - Shot Blocked by Ryan O'Rourke.
2:17 of 2nd period - Isak Rosen is hit by Austin Watson and loses puck.
2:46 of 2nd period - Slapshot by Lukas Reichel.
2:46 of 2nd period - Stopped by Jakub Skarek without a rebound.
2:47 of 2nd period - Connor Dewar wins face-off versus Matthew Coronato in Toronto St Pats zone.
4:38 of 2nd period - Lucas Carlsson is hit by Urho Vaakanainen and loses puck.
4:49 of 2nd period - Wrist shot by Kaapo Kakko.
4:49 of 2nd period - Deflect By Cole Smith.
4:49 of 2nd period - Stopped by Jakub Skarek with a rebound.
4:51 of 2nd period - Snap shot by Cole Smith.
4:51 of 2nd period - Stopped by Jakub Skarek with a rebound.
4:53 of 2nd period - Wrist shot by Cole Smith.
4:53 of 2nd period - Shot Misses the Net.
5:18 of 2nd period - Snap shot by Cole Smith.
5:18 of 2nd period - Stopped by Jakub Skarek with a rebound.
5:20 of 2nd period - Slapshot by Lukas Reichel.
5:20 of 2nd period - Shot Misses the Net.
5:22 of 2nd period - Wrist shot by Kaapo Kakko.
5:22 of 2nd period - Shot Blocked by Travis Boyd.
5:24 of 2nd period - Snap shot by Kevin Korchinski.
5:24 of 2nd period - Stopped by Jakub Skarek with a rebound.
5:26 of 2nd period - Snap shot by Lukas Reichel.
5:26 of 2nd period - Stopped by Jakub Skarek with a rebound.
5:28 of 2nd period - Slapshot by Urho Vaakanainen.
5:28 of 2nd period - Deflect By Kaapo Kakko.
5:28 of 2nd period - Deflect By Connor Dewar.
5:28 of 2nd period - Stopped by Jakub Skarek with a rebound.
5:30 of 2nd period - Slapshot by Urho Vaakanainen.
5:30 of 2nd period - Shot Blocked by Connor Dewar.
5:35 of 2nd period - Minor Penalty to Lassi Thomson for Slashing.
5:36 of 2nd period - Matthew Coronato wins face-off versus John Farinacci in Toronto St Pats zone.
5:36 of 2nd period - Snap shot by Oliver Wahlstrom.
5:36 of 2nd period - Deflect By Matthew Coronato.
5:36 of 2nd period - Shot Misses the Net.
5:36 of 2nd period - Puck is out of play.
5:37 of 2nd period - Jiri Kulich wins face-off versus John Farinacci in Toronto St Pats zone.
6:28 of 2nd period - Braden Schneider is hit by Scott Perunovich and loses puck.
6:55 of 2nd period - Nikita Okhotiuk is hit by Cross Hanas.
7:35 of 2nd period - Penalty to Lassi Thomson is over, Lassi Thomson is back on ice.
9:15 of 2nd period - Bogdan Trineyev is hit by Matthew Coronato and loses puck.
10:16 of 2nd period - Off-side.
10:17 of 2nd period - John Farinacci wins face-off versus Matthew Coronato in neutral zone.
10:50 of 2nd period - Graeme Clarke is hit by Brendan Brisson and loses puck.
11:17 of 2nd period - Brett Berard is hit by Urho Vaakanainen and loses puck.
11:43 of 2nd period - Travis Boyd is hit by Justin Barron and loses puck.
12:54 of 2nd period - Snap shot by Oliver Wahlstrom.
12:54 of 2nd period - Shot Blocked by Travis Boyd.
14:18 of 2nd period - Wrist shot by Mackie Samoskevich.
14:18 of 2nd period - Stopped by Anson Thornton with a rebound.
14:20 of 2nd period - Wrist shot by Austin Watson.
14:20 of 2nd period - Stopped by Anson Thornton without a rebound.
14:21 of 2nd period - Graeme Clarke wins face-off versus Brendan Brisson in Rhode Island Whales zone.
14:34 of 2nd period - Snap shot by Jack Studnicka.
14:34 of 2nd period - Shot Blocked by Austin Watson.
14:36 of 2nd period - Backhand shot by Jack Studnicka.
14:36 of 2nd period - Shot Misses the Net.
14:53 of 2nd period - Snap shot by Nick Cousins.
14:53 of 2nd period - Shot Misses the Net.
14:55 of 2nd period - Slapshot by Nick Cousins.
14:55 of 2nd period - Shot Misses the Net.
15:11 of 2nd period - Slapshot by Sam Malinski.
15:11 of 2nd period - Shot Misses the Net.
15:13 of 2nd period - Slapshot by Bogdan Trineyev.
15:13 of 2nd period - Stopped by Anson Thornton without a rebound.
15:14 of 2nd period - John Farinacci wins face-off versus Lukas Reichel in Rhode Island Whales zone.
15:20 of 2nd period - Minor Penalty to Cole Smith for Holding.
15:21 of 2nd period - Lukas Reichel wins face-off versus Brendan Brisson in Rhode Island Whales zone.
15:33 of 2nd period - Snap shot by Mackie Samoskevich.
15:33 of 2nd period - Deflect By Brendan Brisson.
15:33 of 2nd period - Stopped by Anson Thornton with a rebound.
15:35 of 2nd period - Slapshot by Brendan Brisson.
15:35 of 2nd period - Shot Misses the Net.
15:37 of 2nd period - Snap shot by Austin Watson.
15:37 of 2nd period - Shot Blocked by Urho Vaakanainen.
15:47 of 2nd period - Nick Cousins is hit by Matthew Coronato and loses puck.
16:14 of 2nd period - Kaapo Kakko is hit by Connor Dewar.
16:26 of 2nd period - Matthew Coronato is hit by Nick Cousins.
17:20 of 2nd period - Penalty to Cole Smith is over, Cole Smith is back on ice.
17:43 of 2nd period - Minor Penalty to Jack Studnicka for Tripping.
17:44 of 2nd period - Lukas Reichel wins face-off versus Connor Dewar in Rhode Island Whales zone.
17:54 of 2nd period - Off-side.
17:55 of 2nd period - Brendan Brisson wins face-off versus Lukas Reichel in neutral zone.
19:43 of 2nd period - Penalty to Jack Studnicka is over, Jack Studnicka is back on ice.
Goals for this period are 1 for Rhode Island Whales vs 0 for Toronto St Pats.
Shots for this period are 10 for Rhode Island Whales vs 6 for Toronto St Pats.
3rd period
0:01 of 3rd period - Brendan Brisson wins face-off versus Matthew Coronato in neutral zone.
0:04 of 3rd period - Oliver Wahlstrom is hit by Austin Watson and loses puck.
0:14 of 3rd period - Off-side.
0:15 of 3rd period - Connor Dewar wins face-off versus Lukas Reichel in neutral zone.
0:26 of 3rd period - Slapshot by Lukas Reichel.
0:26 of 3rd period - Stopped by Jakub Skarek with a rebound.
0:28 of 3rd period - Slapshot by Braden Schneider.
0:28 of 3rd period - Deflect By Lukas Reichel.
0:28 of 3rd period - Goal by Lukas Reichel - Rhode Island Whales : 2 - Toronto St Pats : 1.
0:29 of 3rd period - Brendan Brisson wins face-off versus Matthew Coronato in neutral zone.
0:54 of 3rd period - Braden Schneider is hit by Nick Cousins and loses puck.
1:13 of 3rd period - Slapshot by Scott Perunovich.
1:13 of 3rd period - Stopped by Anson Thornton with a rebound.
1:15 of 3rd period - Snap shot by Brett Berard.
1:15 of 3rd period - Stopped by Anson Thornton without a rebound.
1:16 of 3rd period - Brendan Gaunce wins face-off versus Graeme Clarke in Rhode Island Whales zone.
2:06 of 3rd period - Snap shot by Kaapo Kakko.
2:06 of 3rd period - Goal by Kaapo Kakko - Rhode Island Whales : 3 - Toronto St Pats : 1.
2:07 of 3rd period - Brendan Brisson wins face-off versus Matthew Coronato in neutral zone.
2:09 of 3rd period - Minor Penalty to Austin Watson for Roughing.
2:10 of 3rd period - Lukas Reichel wins face-off versus Nick Cousins in Toronto St Pats zone.
2:24 of 3rd period - Snap shot by Lukas Reichel.
2:24 of 3rd period - Goal by Lukas Reichel - Rhode Island Whales : 4 - Toronto St Pats : 1.
2:25 of 3rd period - Oliver Wahlstrom wins face-off versus Brendan Brisson in neutral zone.
2:30 of 3rd period - Mackie Samoskevich is hit by Jiri Kulich.
2:37 of 3rd period - Icing by Braden Schneider.
2:38 of 3rd period - Matthew Coronato wins face-off versus Brendan Brisson in Rhode Island Whales zone.
3:56 of 3rd period - Matthew Coronato is hit by Travis Boyd and loses puck.
4:21 of 3rd period - Wrist shot by Nick Cousins.
4:21 of 3rd period - Shot Misses the Net.
4:23 of 3rd period - Slapshot by Lassi Thomson.
4:23 of 3rd period - Stopped by Anson Thornton with a rebound.
4:25 of 3rd period - Snap shot by Lassi Thomson.
4:25 of 3rd period - Shot Blocked by Urho Vaakanainen.
4:27 of 3rd period - Slapshot by Lassi Thomson.
4:27 of 3rd period - Deflect By Kevin Korchinski.
4:27 of 3rd period - Stopped by Anson Thornton without a rebound.
4:28 of 3rd period - Graeme Clarke wins face-off versus Brendan Brisson in Rhode Island Whales zone.
4:28 of 3rd period - Graeme Clarke is hit by Austin Watson.
4:55 of 3rd period - Jiri Kulich is hit by Ryan Tverberg and loses puck.
5:18 of 3rd period - Snap shot by John Farinacci.
5:18 of 3rd period - Shot Misses the Net.
5:20 of 3rd period - Snap shot by Scott Perunovich.
5:20 of 3rd period - Deflect By Lukas Reichel.
5:20 of 3rd period - Stopped by Anson Thornton with a rebound.
5:22 of 3rd period - Snap shot by Sam Malinski.
5:22 of 3rd period - Stopped by Anson Thornton without a rebound.
5:23 of 3rd period - Isak Rosen wins face-off versus Brendan Brisson in Rhode Island Whales zone.
5:23 of 3rd period - Isak Rosen is hit by Austin Watson.
5:37 of 3rd period - Off-side.
5:38 of 3rd period - Brendan Gaunce wins face-off versus Lukas Reichel in neutral zone.
6:03 of 3rd period - Mackie Samoskevich is hit by Jiri Kulich and loses puck.
6:08 of 3rd period - Wrist shot by Oliver Wahlstrom.
6:08 of 3rd period - Shot Misses the Net.
6:10 of 3rd period - Slapshot by Oliver Wahlstrom.
6:10 of 3rd period - Stopped by Jakub Skarek without a rebound.
6:11 of 3rd period - Brendan Brisson wins face-off versus Jack Studnicka in Toronto St Pats zone.
6:11 of 3rd period - Brendan Brisson is hit by Jack Studnicka.
6:17 of 3rd period - Snap shot by Isak Rosen.
6:17 of 3rd period - Stopped by Jakub Skarek with a rebound.
6:20 of 3rd period - Icing by Austin Watson.
6:21 of 3rd period - Graeme Clarke wins face-off versus Brendan Brisson in Toronto St Pats zone.
6:30 of 3rd period - Jack Studnicka is hit by Brendan Brisson and loses puck.
6:59 of 3rd period - Snap shot by Austin Watson.
6:59 of 3rd period - Shot Misses the Net.
7:01 of 3rd period - Slapshot by Sam Malinski.
7:01 of 3rd period - Stopped by Anson Thornton with a rebound.
7:13 of 3rd period - Snap shot by Austin Watson.
7:13 of 3rd period - Stopped by Anson Thornton with a rebound.
7:25 of 3rd period - Slapshot by Scott Perunovich.
7:25 of 3rd period - Stopped by Anson Thornton without a rebound.
7:26 of 3rd period - Lukas Reichel wins face-off versus Connor Dewar in Rhode Island Whales zone.
7:58 of 3rd period - Pierre-Olivier Joseph is hit by Oliver Wahlstrom and loses puck.
8:07 of 3rd period - Slapshot by Nikita Okhotiuk.
8:07 of 3rd period - Stopped by Anson Thornton with a rebound.
8:09 of 3rd period - Wrist shot by Connor Dewar.
8:09 of 3rd period - Stopped by Anson Thornton without a rebound.
8:10 of 3rd period - Brendan Gaunce wins face-off versus Oskar Olausson in Rhode Island Whales zone.
8:35 of 3rd period - Oliver Wahlstrom is hit by Lucas Carlsson.
8:43 of 3rd period - Bogdan Trineyev is hit by Urho Vaakanainen and loses puck.
9:08 of 3rd period - Snap shot by Jack Studnicka.
9:08 of 3rd period - Shot Blocked by Brendan Gaunce.
9:10 of 3rd period - Slapshot by Kevin Korchinski.
9:10 of 3rd period - Deflect By Brendan Gaunce.
9:10 of 3rd period - Stopped by Jakub Skarek with a rebound.
9:12 of 3rd period - Wrist shot by Graeme Clarke.
9:12 of 3rd period - Shot Misses the Net.
9:14 of 3rd period - Wrist shot by Graeme Clarke.
9:14 of 3rd period - Shot Misses the Net.
9:16 of 3rd period - Slapshot by Kevin Korchinski.
9:16 of 3rd period - Shot Blocked by Brendan Gaunce.
9:32 of 3rd period - Wrist shot by Oskar Olausson.
9:32 of 3rd period - Stopped by Jakub Skarek with a rebound.
9:34 of 3rd period - Snap shot by Ryder Rolston.
9:34 of 3rd period - Stopped by Jakub Skarek with a rebound.
9:48 of 3rd period - Slapshot by Nikita Okhotiuk.
9:48 of 3rd period - Stopped by Anson Thornton without a rebound.
9:49 of 3rd period - Connor Dewar wins face-off versus Graeme Clarke in Rhode Island Whales zone.
10:42 of 3rd period - Ryan O'Rourke is hit by Brendan Brisson and loses puck.
10:57 of 3rd period - Jiri Kulich is hit by Brendan Gaunce and loses puck.
11:08 of 3rd period - Slapshot by Matthew Coronato.
11:08 of 3rd period - Shot Blocked by Brendan Gaunce.
11:13 of 3rd period - Icing by Pierre-Olivier Joseph.
11:14 of 3rd period - Brendan Gaunce wins face-off versus Kaapo Kakko in Toronto St Pats zone.
11:14 of 3rd period - Brendan Gaunce is hit by Kaapo Kakko.
11:24 of 3rd period - Snap shot by Oskar Olausson.
11:24 of 3rd period - Shot Blocked by Nikita Okhotiuk.
11:26 of 3rd period - Wrist shot by Ryder Rolston.
11:26 of 3rd period - Shot Blocked by Brendan Gaunce.
11:28 of 3rd period - Wrist shot by Ryder Rolston.
11:28 of 3rd period - Stopped by Jakub Skarek with a rebound.
11:30 of 3rd period - Wrist shot by Ryder Rolston.
11:30 of 3rd period - Shot Blocked by Nikita Okhotiuk.
12:10 of 3rd period - Travis Boyd is hit by Justin Barron and loses puck.
12:25 of 3rd period - Slapshot by Nick Cousins.
12:25 of 3rd period - Stopped by Anson Thornton with a rebound.
12:27 of 3rd period - Wrist shot by Bogdan Trineyev.
12:27 of 3rd period - Shot Misses the Net.
12:29 of 3rd period - Wrist shot by Bogdan Trineyev.
12:29 of 3rd period - Stopped by Anson Thornton with a rebound.
13:01 of 3rd period - Ryan Tverberg is hit by Matthew Coronato and loses puck.
13:16 of 3rd period - Snap shot by Jack Studnicka.
13:16 of 3rd period - Shot Misses the Net.
13:18 of 3rd period - Slapshot by Jack Studnicka.
13:18 of 3rd period - Shot Misses the Net.
13:20 of 3rd period - Slapshot by Urho Vaakanainen.
13:20 of 3rd period - Stopped by Jakub Skarek with a rebound.
13:22 of 3rd period - Wrist shot by Kevin Korchinski.
13:22 of 3rd period - Shot Misses the Net.
13:24 of 3rd period - Snap shot by Graeme Clarke.
13:24 of 3rd period - Shot Misses the Net.
14:24 of 3rd period - Scott Perunovich is hit by Matthew Coronato and loses puck.
14:48 of 3rd period - Minor Penalty to Ryan O'Rourke for Delaying the game.
14:49 of 3rd period - Brendan Brisson wins face-off versus Lukas Reichel in Rhode Island Whales zone.
14:51 of 3rd period - Snap shot by Brendan Brisson.
14:51 of 3rd period - Deflect By Austin Watson.
14:51 of 3rd period - Shot Blocked by Kevin Korchinski.
14:51 of 3rd period - Puck is out of play.
14:52 of 3rd period - Lukas Reichel wins face-off versus Brendan Brisson in Rhode Island Whales zone.
15:09 of 3rd period - Kevin Korchinski is hit by Austin Watson and loses puck.
15:28 of 3rd period - Slapshot by Travis Boyd.
15:28 of 3rd period - Stopped by Anson Thornton without a rebound.
15:29 of 3rd period - Lukas Reichel wins face-off versus Connor Dewar in Rhode Island Whales zone.
16:05 of 3rd period - Minor Penalty to Cole Smith for Interference.
16:06 of 3rd period - Connor Dewar wins face-off versus Kaapo Kakko in Rhode Island Whales zone.
16:18 of 3rd period - Snap shot by Nick Cousins.
16:18 of 3rd period - Shot Blocked by Justin Barron.
16:48 of 3rd period - Penalty to Ryan O'Rourke is over, Ryan O'Rourke is back on ice.
17:21 of 3rd period - Travis Boyd is hit by Matthew Coronato and loses puck.
17:36 of 3rd period - Justin Barron is hit by Brendan Brisson and loses puck.
18:05 of 3rd period - Penalty to Cole Smith is over, Cole Smith is back on ice.
18:09 of 3rd period - Urho Vaakanainen is hit by Connor Dewar and loses puck.
18:28 of 3rd period - Snap shot by Oliver Wahlstrom.
18:28 of 3rd period - Stopped by Jakub Skarek with a rebound.
18:42 of 3rd period - Wrist shot by Brett Berard.
18:42 of 3rd period - Shot Hit the Post.
19:48 of 3rd period - Brendan Gaunce is hit by Cross Hanas.
19:54 of 3rd period - Justin Barron is hit by Connor Dewar and loses puck.
Goals for this period are 3 for Rhode Island Whales vs 0 for Toronto St Pats.
Shots for this period are 12 for Rhode Island Whales vs 15 for Toronto St Pats.
Back to the Top